 Dungeon Crawl Stone Soup version 0.19.1 (webtiles) character file.

449 esteth the Magician (level 6, -13/32 HPs)
             Began as a Deep Elf Wizard on Dec 13, 2016.
             Shot with an arrow by a centaur (15 damage)
             ... on level 4 of the Dungeon.
             The game lasted 00:20:06 (3619 turns).

esteth the Magician (Deep Elf Wizard)               Turns: 3619, Time: 00:20:09

Health: -13/32     AC:  3    Str:  4    XL:     6   Next: 74%
Magic:  14/36      EV: 13    Int: 25    God:
Gold:   130        SH:  0    Dex: 13    Spells: 6 memorised, 6 levels left

rFire  . . .     SeeInvis .     w - +2 dagger (drain)
rCold  . . .     Gourm    .     a - +0 robe
rNeg   . . .     Faith    .     (no shield)
rPois  .         Spirit   .     b - +0 hat
rElec  .         Reflect  .     (no cloak)
rCorr  .         Harm     .     u - +0 pair of gloves
MR     .....                    (no boots)
Stlth  ++........               (no amulet)
                                j - ring of magical power
                                e - ring of magical power

@: no status effects
A: no striking features
a: no special abilities


You were on level 4 of the Dungeon.
You were not hungry.

You visited 1 branch of the dungeon, and saw 4 of its levels.

You collected 130 gold pieces.

Inventory:

Hand Weapons
 w - a +2 dagger of draining (weapon)
Armour
 a - a +0 robe (worn)
 b - a +0 hat (worn)
 u - a +0 pair of gloves (worn)
Jewellery
 e - a ring of magical power (left hand)
 j - a ring of magical power (right hand)
Scrolls
 d - 2 scrolls of fog {unknown}
 f - 2 scrolls of remove curse {unknown}
 h - 2 scrolls of magic mapping {unknown}
 k - a scroll of amnesia {unknown}
 n - 8 scrolls of identify {unknown}
 q - 2 scrolls of noise {unknown}
 s - a scroll of random uselessness {unknown}
 t - 2 scrolls of immolation {unknown}
 y - a scroll of teleportation {unknown}
Potions
 g - a potion of cancellation {unknown}
 i - 2 potions of might {unknown}
 m - a potion of magic {unknown}
 o - a potion of curing {unknown}
 r - a potion of degeneration {unknown}
 x - 2 potions of mutation {unknown}
Books
 c - a book of Minor Magic

   Spells                             Type                      Level
   a - Magic Dart                     Conjuration                  1
   b - Blink                          Translocation                2
   c - Call Imp                       Summoning                    2
   d - Repel Missiles                 Charms/Air                   2
   e - Slow                           Hexes                        2
   f - Conjure Flame                  Conjuration/Fire             3
   g - Mephitic Cloud                 Conjuration/Poison/Air       3
 z - a book of Enchantments

   Spells                             Type                      Level
   a - Cause Fear                     Hexes                        4
   b - Yara's Violent Unravelling     Hexes/Transmutation          5
   c - Silence                        Hexes/Air                    5
   d - Deflect Missiles               Charms/Air                   6
   e - Discord                        Hexes                        8
Comestibles
 p - a meat ration
 v - 2 fruits


   Skills:
 - Level 2.5 Dodging
 - Level 2.4 Stealth
 + Level 7.0 Spellcasting
 * Level 4.2 Conjurations
 + Level 1.5 Charms
 - Level 1.1 Summonings
 - Level 1.1 Translocations
 - Level 2.0 Fire Magic
 + Level 0.4 Air Magic
 - Level 3.1 Poison Magic


You had 6 spell levels left.
You knew the following spells:

 Your Spells              Type           Power        Failure   Level  Hunger
a - Magic Dart            Conj           ####         1%          1    None
b - Blink                 Tloc           N/A          10%         2    None
c - Call Imp              Summ           ##......     10%         2    None
d - Mephitic Cloud        Conj/Pois/Air  ###.....     10%         3    None
e - Conjure Flame         Conj/Fire      ###.....     8%          3    None
f - Repel Missiles        Chrm/Air       ##....       10%         2    None


Dungeon Overview and Level Annotations

Branches:
Dungeon (4/15)
 Temple: D:4-7

Altars:
Elyvilon
Hepliaklqana
Ru
Xom

Shops:
D:4 (

Annotations:
D:4 Sigmund


Message History

Aiming: Magic Dart
Press: ? - help, Shift-Dir - straight line, f/p - gnoll
Aim: a gnoll, wielding a spear (lightly wounded, confused)
The magic dart hits the gnoll.
The gnoll is lightly wounded.
The centaur wields a shortbow.
The centaur shoots an arrow.
The arrow hits you!
The centaur shoots an arrow.
The arrow barely misses you.
The centaur shoots an arrow.
The arrow hits you.
Casting: Magic Dart
Confirm with . or Enter, or press ? or * to list all spells.
Aiming: Magic Dart
Press: ? - help, Shift-Dir - straight line, f - centaur
Aim: a centaur, wielding a shortbow The magic dart hits the centaur.
The centaur is lightly wounded.
The centaur shoots an arrow.
The arrow hits you!
Ouch! That really hurt!
* * * LOW HITPOINT WARNING * * *
The centaur shoots an arrow.
The arrow hits you!
You die...

.... ... .... ..# .. #. ..#
#.### ..# ####.#.. ..#
#...#.## ..# 8....#.##
#######..# ......#.##
#.()ยงยง).c# .8....)#.##
#@#####)......
........#.######.#####...###+
8........#.#.........#..#8.
..........#..###.###.#..# ..#
...........#.# #.# #.#.g# ..
.......#####.###.# #.#.g+ #
........# #.....# #.#..#
###.###.####..#### #.#
....##........# #.#


You could see a centaur.

Vanquished Creatures
  3 orc priests (D:3)
  2 orc wizards
  2 hounds
  A gnoll shaman (D:4)
  An iguana (D:4)
  4 gnolls (D:4)
  5 adders
  An ooze (D:3)
  An adder zombie (D:3)
  3 worms
  2 dart slugs (D:1)
  3 leopard geckos
  15 orcs
  9 bats
  4 giant cockroaches (D:1)
  8 goblins
  2 hobgoblins (D:1)
  2 quokkas
  A ball python (D:4)
  4 frilled lizards
  10 kobolds
  A leopard gecko skeleton (D:3)
  6 rats
90 creatures vanquished.

Vanquished Creatures (collateral kills)
  An orc priest (D:3)
  2 worms
  An orc (D:3)
4 creatures vanquished.

Grand Total: 94 creatures vanquished

Notes
Turn   | Place    | Note
-------+----------+-------------------------------------------
     0 | D:1      | esteth the Deep Elf Wizard began the quest for the Orb.
     0 | D:1      | Reached XP level 1. HP: 10/10 MP: 7/7
   134 | D:1      | Reached XP level 2. HP: 13/15 MP: 9/9
   139 | D:1      | Learned a level 2 spell: Blink
   142 | D:1      | Learned a level 2 spell: Call Imp
   556 | D:1      | Reached skill level 5 in Spellcasting
   781 | D:1      | Reached XP level 3. HP: 8/19 MP: 11/11
   958 | D:1      | Learned a level 3 spell: Mephitic Cloud
   962 | D:1      | Learned a level 3 spell: Conjure Flame
  1291 | D:2      | Found a white marble altar of Elyvilon.
  1291 | D:2      | Found a faded altar of an unknown god.
  1296 | D:2      | Found a faded altar of an unknown god.
  1306 | D:2      | Found a faded altar of an unknown god.
  1308 | D:2      | Found a faded altar of an unknown god.
  1569 | D:3      | Reached XP level 4. HP: 24/24 MP: 13/13
  1671 | D:3      | Reached skill level 6 in Spellcasting
  2003 | D:3      | Reached skill level 1 in Poison Magic
  2003 | D:3      | Reached XP level 5. HP: 22/28 MP: 15/15
  2007 | D:3      | Reached skill level 1 in Fire Magic
  2082 | D:3      | Learned a level 2 spell: Repel Missiles
  2182 | D:3      | Found a shimmering altar of Xom.
  2917 | D:3      | Reached XP level 6. HP: 32/32 MP: 17/17
  3221 | D:4      | Noticed Sigmund
  3244 | D:4      | Found a sacrificial altar of Ru.
  3273 | D:4      | Found Woluhila's Weapon Emporium.
  3301 | D:4      | Found a hazy altar of Hepliaklqana.
  3447 | D:4      | Reached skill level 1 in Charms
  3600 | D:4      | Reached skill level 7 in Spellcasting
  3619 | D:4      | Shot with an arrow by a centaur

Skill      XL: |  1  2  3  4  5  6 |
---------------+-------------------+-----
Conjurations   | 2 3 4 |  4.2
Spellcasting   | 5 6 7 |  7.0
Poison Magic   | 1 2 3 |  3.1
Fire Magic     | 1 2 |  2.0
Charms         | 1 |  1.5
Dodging        | |  2.5
Stealth        | |  2.4
Summonings     | |  1.1
Translocations | |  1.1
Air Magic      | |  0.4

Action                   |  1- 3 |  4- 6 || total
-------------------------+-------+-------++-------
Melee: Dagger            |       |     2 ||     2
 Cast: Magic Dart        |    91 |   120 ||   211
       Conjure Flame     |     1 |    10 ||    11
       Mephitic Cloud    |     1 |     8 ||     9
       Call Imp          |       |    13 ||    13
  Eat: Bread ration      |     1 |       ||     1
       Royal jelly       |       |     1 ||     1
       Beef jerky        |       |     1 ||     1
Armor: Robe              |     1 |     5 ||     6
Dodge: Dodged            |    12 |    35 ||    47
